| TOP OF THE 1ST |
|
Fresno Grizzlies batting - Pitching for Salt Lake Bees : RHP Andrew Tipton
|
|
Pitching: RHP Andrew Tipton
|
|
|
Batting: RHB Xavier Castaneda
|
0-0: Ball 1-0: Swinging Strike 1-1: SINGLE (Groundball, P, EV 90.0 MPH) (infield hit)
|
|
Batting: RHB Mark Marks
|
0-0: Ball 1-0: Called Strike 1-1: Ball 2-1: Called Strike Pickoff Throw to First - Error! E1 Xavier Castaneda to second 2-2: Ball 3-2: Base on Balls
|
|
Batting: RHB Ramon Castellon
|
0-0: Ball 1-0: Grounds into double play, 5-4-3 (Groundball, 56, EV 106.9 MPH) Xavier Castaneda to third
|
|
Batting: RHB Elijah Hunter
|
0-0: Ball 1-0: Called Strike 1-1: Foul Ball, location: 2F 1-2: Ball 2-2: Ball 3-2: Foul Ball, location: 2F 3-2: Base on Balls
|
|
Batting: SHB Paskar Adegoke
|
0-0: Foul Ball, location: 2F 0-1: Swinging Strike 0-2: Ball 1-2: Foul Ball, location: 2F 1-2: Ball 2-2: Ball 3-2: Strikes out swinging
|
| Top of the 1st over - 0 runs, 1 hit, 1 error, 2 left on base; Fresno 0 - Salt Lake 0 |
| BOTTOM OF THE 1ST |
|
Salt Lake Bees batting - Pitching for Fresno Grizzlies : RHP Andy Montelongo
|
|
Pitching: RHP Andy Montelongo
|
|
|
Batting: SHB Butch Brown
|
0-0: Called Strike 0-1: Ball 1-1: Ground out 2-3 (Groundball, 2R, EV 68.8 MPH)
|
|
Batting: RHB Ryan Munro
|
0-0: Ball 1-0: Foul Ball, location: 2F 1-1: Foul Ball, location: 2F 1-2: Reached on error, E5 (Groundball, 56, EV 100.6 MPH)
|
|
Batting: LHB Brett Bugge
|
0-0: Called Strike 0-1: Ball 1-1: Foul Ball, location: 2F 1-2: Strikes out looking
|
|
Batting: RHB Melvin Gomez
|
0-0: Called Strike 0-1: Ball 1-1: Swinging Strike 1-2: Foul Ball, location: 2F 1-2: Ball 2-2: Ball 3-2: Base on Balls
|
|
Batting: LHB Jonathon Walton
|
0-0: Called Strike 0-1: Ball 1-1: Ball 2-1: Ball 3-1: Foul Ball, location: 2F 3-2: SINGLE (Groundball, 4MD, EV 96.9 MPH) Ryan Munro to third Melvin Gomez to second Ryan Munro scores Melvin Gomez to third
|
|
Batting: RHB Josh Faulconer
|
0-0: Ball 1-0: Called Strike 1-1: Swinging Strike 1-2: Ball 2-2: Foul Ball, location: 2F 2-2: Ball 3-2: Strikes out swinging
|
| Bottom of the 1st over - 1 run, 1 hit, 1 error, 2 left on base; Fresno 0 - Salt Lake 1 |
| TOP OF THE 2ND |
|
Fresno Grizzlies batting - Pitching for Salt Lake Bees : RHP Andrew Tipton
|
|
Batting: RHB Marty King
|
0-0: Ball 1-0: Called Strike 1-1: Ball 2-1: Foul Ball, location: 2F 2-2: Ground out 4-3 (Groundball, 13, EV 87.5 MPH)
|
|
Batting: RHB Bruce Bermudez
|
0-0: Called Strike 0-1: Ball 1-1: Foul Ball, location: 2F 1-2: Ball 2-2: Ball 3-2: Base on Balls
|
|
Batting: LHB Kelvin Jones
|
0-0: Ball 1-0: Ball Bruce Bermudez steals 2nd base 2-0: Ground out U3 (Groundball, 3, EV 104.4 MPH) Bruce Bermudez to third
|
|
Batting: RHB Nick Deegan
|
0-0: Called Strike 0-1: Called Strike 0-2: Ball 1-2: Ball 2-2: Ball 3-2: Base on Balls
|
|
Batting: RHB Xavier Castaneda
|
0-0: Called Strike 0-1: Fielders Choice at 2nd, 6-4 (Groundball, 6, EV 98.1 MPH)
|
| Top of the 2nd over - 0 runs, 0 hits, 0 errors, 2 left on base; Fresno 0 - Salt Lake 1 |
| BOTTOM OF THE 2ND |
|
Salt Lake Bees batting - Pitching for Fresno Grizzlies : RHP Andy Montelongo
|
|
Batting: RHB Brandon Davis
|
0-0: Ball 1-0: Ball 2-0: Ground out 5-3 (Groundball, 5, EV 95.0 MPH)
|
|
Batting: RHB Juan Martinez
|
0-0: Called Strike 0-1: Swinging Strike 0-2: Ground out 6-3 (Groundball, 6, EV 90.6 MPH)
|
|
Batting: RHB Juan Rosa
|
0-0: Called Strike 0-1: Foul Ball, location: 2F 0-2: DOUBLE (Flyball, 89D, EV 96.2 MPH)
|
|
Batting: SHB Butch Brown
|
0-0: Ball 1-0: Ball 2-0: Swinging Strike 2-1: Fly out, F9 (Flyball, 89D, EV 91.9 MPH)
|
| Bottom of the 2nd over - 0 runs, 1 hit, 0 errors, 1 left on base; Fresno 0 - Salt Lake 1 |
| TOP OF THE 3RD |
|
Fresno Grizzlies batting - Pitching for Salt Lake Bees : RHP Andrew Tipton
|
|
Batting: RHB Mark Marks
|
0-0: Swinging Strike 0-1: Ground out 4-3 (Groundball, 4, EV 84.4 MPH)
|
|
Batting: RHB Ramon Castellon
|
0-0: Called Strike 0-1: Called Strike 0-2: Ball 1-2: Ball 2-2: Ball 3-2: Base on Balls
|
|
Batting: RHB Elijah Hunter
|
0-0: Foul Ball, location: 2F 0-1: Ball 1-1: Ball 2-1: Foul Ball, location: 2F 2-2: Ball 3-2: Base on Balls Ramon Castellon to second
|
|
Batting: SHB Paskar Adegoke
|
0-0: Ball 1-0: Foul Ball, location: 2F 1-1: Foul Ball, location: 2F 1-2: Ball 2-2: Ball 3-2: Foul Ball, location: 2F 3-2: Base on Balls Ramon Castellon to third Elijah Hunter to second
|
|
Batting: RHB Marty King
|
0-0: Called Strike 0-1: Ball 1-1: Foul Ball, location: 2F 1-2: Foul Ball, location: 2F 1-2: Foul Ball, location: 2F 1-2: Ball 2-2: GRAND SLAM HOME RUN (Flyball, 7D, EV 102.5 MPH), Distance : 401 ft
|
|
Batting: RHB Bruce Bermudez
|
0-0: Ball 1-0: Ball 2-0: Called Strike 2-1: Foul Ball, location: 2F 2-2: SINGLE (Groundball, 25, EV 71.2 MPH) (infield hit)
|
|
Batting: LHB Kelvin Jones
|
0-0: Called Strike 0-1: Called Strike 0-2: Foul Ball, location: 2F 0-2: Ball Bruce Bermudez is caught stealing 2nd base 2-6 1-2: Ball 2-2: Strikes out swinging
|
| Top of the 3rd over - 4 runs, 2 hits, 0 errors, 0 left on base; Fresno 4 - Salt Lake 1 |
| BOTTOM OF THE 3RD |
|
Salt Lake Bees batting - Pitching for Fresno Grizzlies : RHP Andy Montelongo
|
|
Batting: RHB Ryan Munro
|
0-0: Swinging Strike 0-1: Fly out, F8 (Flyball, 89M, EV 79.4 MPH)
|
|
Batting: LHB Brett Bugge
|
0-0: Ball 1-0: Foul Ball, location: 2F 1-1: Foul Ball, location: 2F 1-2: Ball 2-2: Foul Ball, location: 2F 2-2: Ground out 6-3 (Groundball, 6MS, EV 80.6 MPH)
|
|
Batting: RHB Melvin Gomez
|
0-0: Ball 1-0: Ball 2-0: Called Strike 2-1: Ball 3-1: Called Strike 3-2: Foul Ball, location: 2F 3-2: Base on Balls
|
|
Batting: LHB Jonathon Walton
|
0-0: Ball Melvin Gomez steals 2nd base 1-0: Fly out, F7 (Line Drive, 78M, EV 105.0 MPH)
|
| Bottom of the 3rd over - 0 runs, 0 hits, 0 errors, 1 left on base; Fresno 4 - Salt Lake 1 |
| TOP OF THE 4TH |
|
Fresno Grizzlies batting - Pitching for Salt Lake Bees : RHP Andrew Tipton
|
|
Batting: RHB Nick Deegan
|
0-0: Ground out 5-3 (Groundball, 56S, EV 87.5 MPH)
|
|
Batting: RHB Xavier Castaneda
|
0-0: Ball 1-0: Ball 2-0: Ball 3-0: Called Strike 3-1: Fly out, F8 (Flyball, 8RXD, EV 94.4 MPH)
|
|
Batting: RHB Mark Marks
|
0-0: Ball 1-0: Ball 2-0: Ground out 6-3 (Groundball, 6, EV 86.9 MPH)
|
| Top of the 4th over - 0 runs, 0 hits, 0 errors, 0 left on base; Fresno 4 - Salt Lake 1 |
| BOTTOM OF THE 4TH |
|
Salt Lake Bees batting - Pitching for Fresno Grizzlies : RHP Andy Montelongo
|
|
Batting: RHB Josh Faulconer
|
0-0: Ball 1-0: Fly out, F5 (Line Drive, 56, EV 70.6 MPH)
|
|
Batting: RHB Brandon Davis
|
0-0: Ball 1-0: Ball 2-0: DOUBLE (Line Drive, 7LM, EV 100.6 MPH)
|
|
Batting: RHB Juan Martinez
|
0-0: Called Strike 0-1: Foul Ball, location: 2F 0-2: Ground out 2-3 (Groundball, 2L, EV 70.6 MPH) Brandon Davis to third
|
|
Batting: RHB Juan Rosa
|
0-0: Ball 1-0: Ground out 6-3 (Groundball, 6, EV 90.0 MPH)
|
| Bottom of the 4th over - 0 runs, 1 hit, 0 errors, 1 left on base; Fresno 4 - Salt Lake 1 |
| TOP OF THE 5TH |
|
Fresno Grizzlies batting - Pitching for Salt Lake Bees : RHP Andrew Tipton
|
|
Batting: RHB Ramon Castellon
|
0-0: Ball 1-0: Ball 2-0: Foul Ball, location: 2F 2-1: Called Strike 2-2: Ground out 3-1 (Groundball, 3D, EV 90.6 MPH)
|
|
Pitching: RHP Tyler Keenan
|
|
|
Batting: RHB Elijah Hunter
|
0-0: Ground out 5-3 (Groundball, 5L, EV 85.0 MPH)
|
|
Batting: SHB Paskar Adegoke
|
0-0: Swinging Strike 0-1: Ball 1-1: Fly out, F9 (Flyball, 89D, EV 101.9 MPH)
|
| Top of the 5th over - 0 runs, 0 hits, 0 errors, 0 left on base; Fresno 4 - Salt Lake 1 |
| BOTTOM OF THE 5TH |
|
Salt Lake Bees batting - Pitching for Fresno Grizzlies : RHP Andy Montelongo
|
|
Batting: SHB Butch Brown
|
0-0: Foul Ball, location: 2F 0-1: Ball 1-1: Ground out 5-3 (Groundball, 5, EV 104.4 MPH)
|
|
Batting: RHB Ryan Munro
|
0-0: Ball 1-0: Swinging Strike 1-1: Ball 2-1: Called Strike 2-2: Foul Ball, location: 2F 2-2: Foul Ball, location: 2F 2-2: Ball 3-2: Base on Balls
|
|
Batting: LHB Brett Bugge
|
0-0: Called Strike 0-1: Called Strike 0-2: Foul Ball, location: 2F 0-2: Foul Ball, location: 2F 0-2: Foul Ball, location: 2F 0-2: Foul Ball, location: 2F 0-2: Foul Ball, location: 2F 0-2: Foul Ball, location: 2F 0-2: Strikes out swinging
|
|
Pitching: LHP Curt Joseph
|
|
|
Batting: RHB Melvin Gomez
|
0-0: Ball 1-0: Ball 2-0: Ground out 1-3 (Groundball, 15S, EV 70.0 MPH)
|
| Bottom of the 5th over - 0 runs, 0 hits, 0 errors, 1 left on base; Fresno 4 - Salt Lake 1 |
| TOP OF THE 6TH |
|
Fresno Grizzlies batting - Pitching for Salt Lake Bees : RHP Tyler Keenan
|
|
Batting: RHB Marty King
|
0-0: Ground out 6-3 (Groundball, 6, EV 80.6 MPH)
|
|
Batting: RHB Bruce Bermudez
|
0-0: Called Strike 0-1: Foul Ball, location: 2F 0-2: Foul Ball, location: 2F 0-2: Ball 1-2: Ball 2-2: Foul Ball, location: 2F 2-2: Ball 3-2: Strikes out swinging
|
|
Batting: LHB Kelvin Jones
|
0-0: Ball 1-0: Foul Ball, location: 2F 1-1: Ball 2-1: Called Strike 2-2: DOUBLE (Flyball, 89D, EV 91.9 MPH)
|
|
Batting: RHB Nick Deegan
|
0-0: SINGLE (Groundball, 56D, EV 98.1 MPH) Kelvin Jones to third Runner from 3rd tries for Home, SAFE, throw by LF to home
|
|
Batting: RHB Xavier Castaneda
|
0-0: Called Strike Nick Deegan is caught stealing 2nd base 2-4
|
| Top of the 6th over - 1 run, 2 hits, 0 errors, 0 left on base; Fresno 5 - Salt Lake 1 |
| BOTTOM OF THE 6TH |
|
Salt Lake Bees batting - Pitching for Fresno Grizzlies : LHP Curt Joseph
|
|
Batting: LHB Jonathon Walton
|
0-0: Called Strike 0-1: Ball 1-1: Swinging Strike 1-2: Fly out, F5 (Line Drive, 5, EV 67.5 MPH)
|
|
Batting: RHB Josh Faulconer
|
0-0: Ball 1-0: Ball 2-0: Called Strike 2-1: Foul Ball, location: 2F 2-2: Strikes out swinging
|
|
Batting: RHB Brandon Davis
|
0-0: Ball 1-0: Called Strike 1-1: Called Strike 1-2: Strikes out swinging
|
| Bottom of the 6th over - 0 runs, 0 hits, 0 errors, 0 left on base; Fresno 5 - Salt Lake 1 |
| TOP OF THE 7TH |
|
Fresno Grizzlies batting - Pitching for Salt Lake Bees : RHP Tyler Keenan
|
|
Pitching: LHP Steve McClain
|
|
|
Batting: RHB Xavier Castaneda
|
0-0: Fly out, F8 (Flyball, 8LD, EV 93.8 MPH)
|
|
Batting: RHB Mark Marks
|
0-0: Ball 1-0: Foul Ball, location: 2F 1-1: Foul Ball, location: 2F 1-2: Ball 2-2: Ball 3-2: Ground out 6-3 (Groundball, 6S, EV 81.9 MPH)
|
|
Batting: RHB Ramon Castellon
|
0-0: Swinging Strike 0-1: Ball 1-1: Ground out 5-3 (Groundball, 56, EV 86.9 MPH)
|
| Top of the 7th over - 0 runs, 0 hits, 0 errors, 0 left on base; Fresno 5 - Salt Lake 1 |
| BOTTOM OF THE 7TH |
|
Salt Lake Bees batting - Pitching for Fresno Grizzlies : LHP Curt Joseph
|
|
Batting: RHB Juan Martinez
|
0-0: Ball 1-0: Ball 2-0: Reached on error, E5 (Groundball, 5, EV 80.0 MPH)
|
|
Batting: RHB Juan Rosa
|
0-0: Called Strike 0-1: Called Strike 0-2: Strikes out swinging
|
|
Batting: SHB Butch Brown
|
0-0: Ball 1-0: Called Strike 1-1: Ball 2-1: Ball 3-1: Called Strike 3-2: Fielders Choice at 2nd, 1-6 (Groundball, 13S, EV 62.5 MPH)
|
|
Batting: RHB Ryan Munro
|
0-0: Ball 1-0: Swinging Strike 1-1: Called Strike Butch Brown is caught stealing 2nd base 2-4
|
| Bottom of the 7th over - 0 runs, 0 hits, 1 error, 0 left on base; Fresno 5 - Salt Lake 1 |
| TOP OF THE 8TH |
|
Fresno Grizzlies batting - Pitching for Salt Lake Bees : LHP Steve McClain
|
|
Batting: RHB Elijah Hunter
|
0-0: Called Strike 0-1: Called Strike 0-2: Foul Ball, location: 2F 0-2: Ball 1-2: Strikes out swinging
|
|
Batting: SHB Paskar Adegoke
|
0-0: Ball 1-0: Swinging Strike 1-1: Ball 2-1: SINGLE (Line Drive, 4D, EV 98.8 MPH)
|
|
Batting: RHB Marty King
|
0-0: Foul Ball, location: 2F 0-1: Foul Ball, location: 2F 0-2: Fly out, F9 (Flyball, 9, EV 92.5 MPH)
|
|
Batting: RHB Bruce Bermudez
|
0-0: Called Strike 0-1: Foul Ball, location: 2F 0-2: Strikes out looking
|
| Top of the 8th over - 0 runs, 1 hit, 0 errors, 1 left on base; Fresno 5 - Salt Lake 1 |
| BOTTOM OF THE 8TH |
|
Salt Lake Bees batting - Pitching for Fresno Grizzlies : LHP Curt Joseph
|
|
Pitching: RHP Josh Holloway
|
|
|
Batting: RHB Ryan Munro
|
0-0: Foul Ball, location: 2F 0-1: Foul Ball, location: 2F 0-2: SINGLE (Groundball, 56D, EV 103.1 MPH)
|
|
Batting: LHB Brett Bugge
|
0-0: Ground out 4-3 (Groundball, 4MD, EV 106.9 MPH) Ryan Munro to second
|
|
Batting: RHB Melvin Gomez
|
0-0: Called Strike 0-1: Ground out 4-3 (Groundball, 4M, EV 86.9 MPH) Ryan Munro to third
|
|
Batting: LHB Jonathon Walton
|
0-0: Ball 1-0: Ball 2-0: Ball 3-0: Base on Balls
|
|
Batting: RHB Josh Faulconer
|
0-0: Ball 1-0: Foul Ball, location: 2F 1-1: Foul Ball, location: 2F 1-2: Strikes out looking
|
| Bottom of the 8th over - 0 runs, 1 hit, 0 errors, 2 left on base; Fresno 5 - Salt Lake 1 |
| TOP OF THE 9TH |
|
Fresno Grizzlies batting - Pitching for Salt Lake Bees : LHP Steve McClain
|
|
Pitching: RHP Joe Beam
|
|
|
Batting: LHB Kelvin Jones
|
0-0: Called Strike 0-1: Ball 1-1: Fly out, F9 (Flyball, 9, EV 91.9 MPH)
|
|
Batting: RHB Nick Deegan
|
0-0: Reached on error, E1 (Groundball, 15S, EV 70.6 MPH)
|
|
Batting: RHB Xavier Castaneda
|
0-0: Foul Ball, location: 2F 0-1: Ball 1-1: Ball 2-1: Ball 3-1: Foul Ball, location: 2F 3-2: Reached on error, E4 (Groundball, 4, EV 82.5 MPH) Nick Deegan scores
|
|
Batting: RHB Mark Marks
|
0-0: Ball Xavier Castaneda steals 3rd base 1-0: Foul Ball, location: 2F 1-1: Foul Ball, location: 2F 1-2: SINGLE (Groundball, 25, EV 66.2 MPH) (infield hit)
|
|
Batting: RHB Ramon Castellon
|
0-0: Called Strike 0-1: Ball 1-1: Fielders Choice at 2nd, 4-6 (Groundball, 4, EV 81.2 MPH) Xavier Castaneda scores
|
|
Batting: RHB Elijah Hunter
|
0-0: Called Strike 0-1: Ball 1-1: Called Strike 1-2: Foul Ball, location: 2F 1-2: Ball 2-2: Ball 3-2: Foul Ball, location: 2F 3-2: Foul Ball, location: 2F 3-2: Strikes out looking
|
| Top of the 9th over - 2 runs, 1 hit, 2 errors, 1 left on base; Fresno 7 - Salt Lake 1 |
| BOTTOM OF THE 9TH |
|
Salt Lake Bees batting - Pitching for Fresno Grizzlies : RHP Josh Holloway
|
|
Batting: RHB Brandon Davis
|
0-0: SINGLE (Groundball, 6MD, EV 101.9 MPH)
|
|
Batting: RHB Juan Martinez
|
0-0: Grounds into double play, 5-4-3 (Groundball, 5, EV 81.9 MPH)
|
|
Pinch Hitting: LHB James McCauley
|
0-0: Ball 1-0: Ball 2-0: Swinging Strike 2-1: Ball 3-1: Fly out, F7 (Flyball, 7D, EV 95.0 MPH)
|
| Bottom of the 9th over - 0 runs, 1 hit, 0 errors, 0 left on base; Fresno 7 - Salt Lake 1 |
|